 Dungeon Crawl Stone Soup version 0.31-a0-1338-gb567cfdca4 (webtiles) character file.

Game seed: 10231874863386455009

109 mdonais the Trooper (level 4, -1/49 HPs)
             Began as an Oni Warper on Dec 22, 2023.
             Slain by a hobgoblin (3 damage)
             ... on level 3 of the Dungeon.
             The game lasted 00:05:49 (1687 turns).

mdonais the Trooper (Oni Warper)                    Turns: 1687, Time: 00:05:49

Health: -1/49      AC:  4    Str: 15    XL:     4   Next: 89%
Magic:  7/7        EV: 10    Int: 14    God:
Gold:   112        SH:  0    Dex: 10    Spells: 3/7 levels left

rFire   . . .        a - +0 mace
rCold   . . .        (no shield)
rNeg    . . .        g - +0 robe
rPois   .            (helmet restricted)
rElec   .            d - +0 cloak
rCorr   .            (gloves unavailable)
SInv    .            (boots unavailable)
Will    .....        (no amulet)
Stlth   +            (no ring)
HPRegen 0.28/turn    (no ring)
MPRegen 0.10/turn

%: no passive effects
@: immotile, very slightly contaminated
A: drunken brawling, large, unfitting armour, horns 1, tough skin 1, double
potion healing
a: no special abilities


You were on level 3 of the Dungeon.
You visited 1 branch of the dungeon, and saw 3 of its levels.

You collected 112 gold pieces.

Inventory:

Hand Weapons
 a - a +0 mace (weapon)
 b - a +0 sling
   (You found it on level 1 of the Dungeon)
Missiles
 G - 6 datura-tipped darts
 K - 7 darts of dispersal
Armour
 d - a +0 cloak (worn)
   (You found it on level 1 of the Dungeon)
 g - a +0 robe (worn)
Magical Staves
 h - a staff of death
   (You found it on level 2 of the Dungeon)
Scrolls
 c - 2 scrolls of identify {unknown}
 e - 2 scrolls of noise {unknown}
 f - a scroll of vulnerability {unknown}
 j - a scroll of teleportation {unknown}
 l - a scroll of fear {unknown}
 B - 2 scrolls of blinking
Potions
 Q - a potion of curing


   Skills:
 + Level 4.6 Fighting
 + Level 3.4 Maces & Flails
 - Level 1.0 Throwing
 - Level 2.1 Dodging
 - Level 2.4 Spellcasting
 + Level 1.4 Conjurations
 - Level 2.6 Translocations


You had 3 spell levels left.
You knew the following spells:

 Your Spells              Type           Power      Damage    Failure   Level
a - Momentum Strike       Conj/Tloc      14%        3d8       16%         2
f - Blink                 Tloc           18%        N/A       12%         2

Your spell library contained the following spells:

 Spells                   Type           Power      Damage    Failure   Level
 Lesser Beckoning         Tloc           18%        N/A       12%         2
 Freeze                   Ice            4%         1d3       22%         1
 Teleport Other           Tloc           9%         N/A       22%         3
 Hailstorm                Conj/Ice       3%         3d5       45%         3
 Frozen Ramparts          Ice            2%         1d1       56%         3
 Manifold Assault         Tloc           9%         N/A       58%         4
 Vhi's Electric Charge    Tloc/Air       10%        N/A       78%         4


Dungeon Overview and Level Annotations

Branches:
Dungeon (3/15) Zot: 16276

Altars:
Makhleb

Annotations:
D:3 Pargi


Innate Abilities, Weirdness & Mutations

Whenever you drink a potion that restores your health or magic, you attack all enemies around you.
You are too large for most types of armour.
You have a pair of small horns on your head.
You have tough skin. (AC +1)
Whenever you drink a potion that restores your health or magic, it restores twice as much.


Message History

Your Conjurations skill increases to level 1!
You regained 2 hp, and now have 43/49 hp.
Cast which spell? (? or * to list)
Aiming: Momentum Strike (safe; 16% risk of failure)
Press: ? - help, Dir - move target, f - bombardier beetle
Aim: a bombardier beetle (81% to hit)
The concentrated momentum hits the bombardier beetle!
The bombardier beetle is almost dead.
You are unable to move.
Pargi the Meek comes into view.
You now have 5/7 mp.
Okay, then.
Casting: Momentum Strike (safe; 16% risk of failure)
Confirm with . or Enter, or press ? or * to list all spells.
You cannot redirect your momentum while unable to move.
You barely miss the bombardier beetle.
The bombardier beetle is almost dead.
The bombardier beetle bites you but does no damage.
You hit the bombardier beetle but do no damage.
The bombardier beetle is almost dead.
The bombardier beetle bites you but does no damage.
You barely miss the bombardier beetle.
The bombardier beetle is almost dead.
Pargi misses you. Pargi claws you. Pargi barely misses you.
Pargi closely misses you. Pargi claws you. Pargi claws you but does no damage.
You take 2 damage, and have 42/49 hp.
Okay, then.
You take a swig of the potion and twirl your +0 mace.
You closely miss Pargi. You hit the bombardier beetle.
You kill the bombardier beetle!
It was a potion of curing.
You savour every drop.
You feel better.
Q - a potion of curing Pargi bites you. Pargi misses you.
Pargi closely misses you.
You regained 6 hp, and now have 48/49 hp.
You cannot move.
You sock Pargi! Your headbutt misses Pargi.
Pargi is moderately wounded.
Pargi bites you. Pargi completely misses you. Pargi barely misses you.
You take 4 damage, and have 44/49 hp.
You hit Pargi.
Pargi is moderately wounded.
You are no longer robbed of momentum.
Pargi barely misses you. Pargi claws you but does no damage.
Pargi closely misses you.
You hit Pargi.
Pargi is moderately wounded.
Pargi bites you. Pargi barely misses you. Pargi closely misses you.
You take 4 damage, and have 41/49 hp.
You closely miss Pargi.
Pargi is moderately wounded.
Pargi bites you! Pargi claws you. x2
You take 12 damage, and have 29/49 hp.
MASSIVE DAMAGE!!
Casting: Momentum Strike (safe; 16% risk of failure)
Confirm with . or Enter, or press ? or * to list all spells.
You don't know that spell.
Casting: Momentum Strike (safe; 16% risk of failure)
Confirm with . or Enter, or press ? or * to list all spells.
Aiming: Momentum Strike (safe; 16% risk of failure)
Press: ? - help, Dir - move target, f - Pargi
Aim: Pargi (moderately wounded, 60% to hit)
You miscast Momentum Strike.
You are very lightly contaminated with residual magic.
Nothing appears to happen.
Pargi bites you but does no damage. Pargi claws you. x2
You take 4 damage, and have 25/49 hp.
You now have 4/7 mp.
Throw: 6 darts (datura)
Press: ? - help, Q - select action, (/) - cycle Shift-Dir - straight line, f/p - Pargi
Aim: Pargi (lightly wounded, 45% to hit, chance to frenzy on hit: 27%)
Okay, then.
Unknown command.
Throw: 2 darts (atropa)
Press: ? - help, Q - select action, (/) - cycle Shift-Dir - straight line, f/p - Pargi
Aim: Pargi (lightly wounded, 45% to hit, chance to blind on hit: 27%)
You throw an atropa-tipped dart. The atropa-tipped dart hits Pargi.
Pargi appears confused.
Pargi is lightly wounded.
A hobgoblin comes into view.
You hit Pargi. You headbutt Pargi.
Pargi is moderately wounded.
Pargi seems less confused.
Pargi bites you. Pargi closely misses you. Pargi barely misses you.
Pargi misses you. Pargi closely misses you. x2
You take 2 damage, and have 23/49 hp.
You thump Pargi! You headbutt Pargi.
Pargi is heavily wounded.
Pargi bites you. Pargi barely misses you. x2
You take 1 damage, and have 22/49 hp.
You hit Pargi. Your headbutt misses Pargi.
Pargi is heavily wounded.
Pargi is no longer blind.
Pargi bites you but does no damage. Pargi claws you. Pargi barely misses you.
You take 3 damage, and have 19/49 hp.
Casting: Momentum Strike (safe; 16% risk of failure)
Confirm with . or Enter, or press ? or * to list all spells.
You don't know that spell.
Casting: Momentum Strike (safe; 16% risk of failure)
Confirm with . or Enter, or press ? or * to list all spells.
Aiming: Momentum Strike (safe; 16% risk of failure)
Press: ? - help, Dir - move target, f/p - Pargi
Aim: Pargi (heavily wounded, 60% to hit)
You miscast Momentum Strike.
Nothing appears to happen.
Pargi bites you but does no damage. Pargi closely misses you.
Pargi claws you but does no damage.
You now have 2/7 mp.
Casting: Momentum Strike (safe; 16% risk of failure)
Confirm with . or Enter, or press ? or * to list all spells.
Aiming: Momentum Strike (safe; 16% risk of failure)
Press: ? - help, Dir - move target, f/p - Pargi
Aim: Pargi (heavily wounded, 60% to hit)
The concentrated momentum hits Pargi!
Pargi is severely wounded.
You are unable to move.
Pargi closely misses you. Pargi barely misses you. Pargi closely misses you.
You now have 0/7 mp.
Throw: dart (atropa)
Press: ? - help, Q - select action, (/) - cycle Shift-Dir - straight line, f/p - Pargi
Aim: Pargi (severely wounded, 45% to hit, chance to blind on hit: 27%)
You throw an atropa-tipped dart.
The atropa-tipped dart closely misses Pargi.
The hobgoblin hits you but does no damage.
Pargi bites you but does no damage. Pargi claws you but does no damage. x2
You hit Pargi.
Pargi is severely wounded.
Pargi bites you. Pargi closely misses you. Pargi misses you.
The hobgoblin hits you.
* * * LOW HITPOINT WARNING * * *
You take 7 damage, and have 13/49 hp.
You take a swig of the potion and twirl your +0 mace.
You hit Pargi but do no damage. You headbutt Pargi!
Pargi is almost dead.
You hit the hobgoblin.
The hobgoblin is moderately wounded.
It was a potion of magic.
Magic courses through your body.
Pargi closely misses you. x2; Pargi claws you.
* * * LOW HITPOINT WARNING * * *
The hobgoblin hits you.
* * * LOW HITPOINT WARNING * * *
You take 1 damage, and have 12/49 hp.
MP restored: 7 You hit Pargi.
Pargi is almost dead.
Pargi bites you.
* * * LOW HITPOINT WARNING * * *
Pargi claws you but does no damage. Pargi barely misses you.
The hobgoblin hits you.
* * * LOW HITPOINT WARNING * * *
Pargi bites you.
* * * LOW HITPOINT WARNING * * *
Pargi misses you. Pargi claws you.
* * * LOW HITPOINT WARNING * * *
The hobgoblin hits you.
You die...

## #.. .... #####
....B #...#
.)....#...####
......'...g@.#
......######T# #
..... #.....##.#
.... +........####
### #............
#######....#######.
...........<......
#.....#...#######
.#.....#.....#


You could see Pargi and a hobgoblin.

Vanquished Creatures
  A howler monkey (D:3)
  An adder (D:2)
  A bombardier beetle (D:3)
  A worm (D:2)
  2 dart slugs (D:2)
  An orc (D:3)
  5 bats
  5 endoplasms
  4 giant cockroaches
  3 goblins
  3 hobgoblins
  4 quokkas
  3 ball pythons
  A frilled lizard (D:1)
  7 kobolds
  3 rats (D:1)
45 creatures vanquished.

Notes
Turn   | Place    | Note
-------+----------+-------------------------------------------
     0 | D:1      | mdonais the Oni Warper began the quest for the Orb.
     0 | D:1      | Reached XP level 1. HP: 22/22 MP: 3/3
    76 | D:1      | Reached skill level 3 in Fighting
   140 | D:1      | Reached XP level 2. HP: 29/31 MP: 5/5
   191 | D:1      | Learned a level 2 spell: Blink
   695 | D:1      | Reached XP level 3. HP: 36/39 MP: 6/6
  1059 | D:2      | Learned a level 2 spell: Momentum Strike
  1061 | D:2      | Found a faded altar of an unknown god.
  1072 | D:2      | Reached skill level 4 in Fighting
  1266 | D:2      | Reached XP level 4. HP: 45/48 MP: 7/7
  1549 | D:3      | Found a burning altar of Makhleb.
  1668 | D:3      | Reached skill level 1 in Conjurations
  1668 | D:3      | Noticed Pargi
  1687 | D:3      | HP: 2/49 [Pargi (1)]
  1687 | D:3      | Slain by a hobgoblin

Illustrated notes

Levels and vault maps discovered:
D:1:      ncdulo_watergridlock, layout_basic
D:2:      layout_rooms, dreamdust_ecumenical_altar_grove
D:3:      layout_basic, nzn_wu_jian_council_hall, bloody_makhleb, serial_shops,
          shop, minmay_vboxes, uniq_pargi

Skill      XL: |  1  2  3  4 |
---------------+-------------+-----
Fighting       | 3 4 |  4.6
Maces & Flails | 3 |  3.4
Conjurations   | 1 |  1.4
Throwing       | |  1.0
Dodging        | |  2.1
Spellcasting   | |  2.4
Translocations | |  2.6

Action                     |  1- 3 |  4- 6 || total
---------------------------+-------+-------++-------
  Melee: Mace              |   104 |    33 ||   137
         Headbutt          |    15 |    12 ||    27
         Punch             |     1 |     1 ||     2
   Fire: Sling             |     5 |       ||     5
  Throw: Dart              |       |     2 ||     2
   Cast: Momentum Strike   |       |     2 ||     2
    Use: Potion            |       |     2 ||     2
 Armour: Robe              |    89 |    46 ||   135
  Dodge: Dodged            |    63 |    42 ||   105

Table legend: (Time is in decaauts)
 A = Elapsed time spent in this place.
 B = Non-inter-level travel time spent in this place.
 C = Inter-level travel time spent in this place.
 D = Time resting spent in this place.
 E = Time spent auto-exploring this place.
 F = Levels seen in this place.
 G = Mean time per level.
                   A        B        C        D        E       F      G
               +--------+--------+--------+--------+--------+-----+--------+
         Total |   1722 |   1550 |    172 |     92 |   1053 |   3 |  574.0 |
       Dungeon |   1722 |   1550 |    172 |     92 |   1053 |   3 |  574.0 |
               +--------+--------+--------+--------+--------+-----+--------+

Top non-repeatable levels by time:
     D:1: 1083 daAuts
     D:2: 481 daAuts
     D:3: 157 daAuts
